 Dungeon Crawl Stone Soup version 0.31-a0-237-g2d982f9f85 (webtiles) character file.

Game seed: 857090956359123151

1791109 holysushi the Ninja (level 27, 173/187 HPs)
             Began as an Octopode Ice Elementalist on July 10, 2023.
             Was an Initiate of Gozag.
             Escaped with the Orb
             ... and 4 runes on July 11, 2023!
             The game lasted 02:48:49 (106984 turns).

holysushi the Ninja (Octopode Ice Elementalist)   Turns: 106984, Time: 02:48:49

Health: 173/187    AC:  9    Str: 17    XL:     27
Magic:  53/58      EV: 42    Int: 33    God:    Gozag
Gold:   528        SH:  9    Dex: 37    Spells: 43/71 levels left

rFire   + + .        a - +1 flail of Golden Action {flame, rElec rF+ Dex+5}
rCold   + + +        E - +2 buckler {rC+}
rNeg    + + +        i - +2 hat
rPois   .            K - amulet of Tymmacvy {Acrobat rF+}
rElec   +            O - ring of ice
rCorr   .            j - +6 ring of dexterity
SInv    .            x - ring of Letuav {rF+++ AC+4 Str+6 Int-4 Slay-2}
Will    +++..        T - ring of Rezygori {Int+6 Dex+4}
Stlth   ++++         L - +6 ring of intelligence
HPRegen 0.51/turn    b - ring "Enytz" {Ice rElec rN+++ Int+3 Dex-4}
MPRegen 0.36/turn    l - ring "Pufalityna" {Ice Str+4 Int+3 Slay+3}
                     Z - ring "Eleqoz" {Drain rC++ Will+ MP+9 Dex+3}

%: acrobat
@: studying 4 skills
A: almost no armour, amphibious, 8 rings, camouflage 1, gelatinous body 1,
(nimble swimmer 1), tentacles, iridescent scales 1, clumsy 1, mutation
resistance 1
0: Orb of Zot
}: 4/15 runes: serpentine, barnacled, slimy, silver
a: Renounce Religion, Potion Petition, Call Merchant, Bribe Branch


You escaped.
You worshipped Gozag.
Gozag was pleased with you.
You visited 12 branches of the dungeon, and saw 54 of its levels.
You visited 1 bazaar.
You also visited: Ossuary, Bailey, Ice Cave, Volcano and Desolation.

You collected 26711 gold pieces.
You spent 10374 gold pieces at shops.
You paid 15809 gold pieces to Gozag.

Inventory:

Hand Weapons
 a - the +1 flail of Golden Action (weapon) {flame, rElec rF+ Dex+5}
   (You bought it in a shop on level 4 of the Vaults)

   Dex:       It affects your dexterity (+5).
   rF:        It protects you from fire.
   rElec:     It insulates you from electricity.
Armour
 i - a +2 hat (worn)
 E - a +2 buckler of cold resistance (worn)
Jewellery
 b - the ring "Enytz" (on tentacle) {Ice rElec rN+++ Int+3 Dex-4}
   (You bought it in a shop on level 12 of the Dungeon)

   [ring of ice]

   It enhances your ice magic.
   Int:       It affects your intelligence (+3).
   Dex:       It affects your dexterity (-4).
   rF:        It makes you vulnerable to fire.
   rC:        It protects you from cold.
   rElec:     It insulates you from electricity.
   rN:        It renders you almost immune to negative energy.
 f - a ring of poison resistance
 j - a +6 ring of dexterity (right tentacle)
 l - the ring "Pufalityna" (on tentacle) {Ice Str+4 Int+3 Slay+3}
   (You bought it in a shop on level 12 of the Dungeon)

   [ring of ice]

   It enhances your ice magic.
   Str:       It affects your strength (+4).
   Int:       It affects your intelligence (+3).
   Slay:      It affects your accuracy & damage with ranged weapons and melee
   (+3).
   rF:        It makes you vulnerable to fire.
   rC:        It protects you from cold.
 s - a +6 ring of dexterity
 x - the ring of Letuav (on tentacle) {rF+++ AC+4 Str+6 Int-4 Slay-2}
   (You took it off a deep elf demonologist on level 5 of the Vaults)

   [ring of protection]

   AC:        It affects your AC (+4).
   Str:       It affects your strength (+6).
   Int:       It affects your intelligence (-4).
   Slay:      It affects your accuracy & damage with ranged weapons and melee
   (-2).
   rF:        It renders you almost immune to fire.
 K - the amulet of Tymmacvy (around mantle) {Acrobat rF+}
   (You found it in the Desolation of Salt)

   [amulet of the acrobat]

   It increases your evasion while moving and waiting.
   rF:        It protects you from fire.
 L - a +6 ring of intelligence (on tentacle)
 O - a ring of ice (left tentacle)
 S - a ring of willpower
 T - the ring of Rezygori (on tentacle) {Int+6 Dex+4}
   (You bought it in a shop on level 12 of the Dungeon)

   [ring of intelligence]

   Int:       It affects your intelligence (+6).
   Dex:       It affects your dexterity (+4).
 Z - the ring "Eleqoz" (on tentacle) {Drain rC++ Will+ MP+9 Dex+3}
   (You bought it in a shop on level 2 of the Orcish Mines)

   [ring of willpower]

   Dex:       It affects your dexterity (+3).
   rC:        It greatly protects you from cold.
   MP:        It affects your magic capacity (+9).
   Drain:     It drains your maximum health when unequipped.
   Will:      It increases your willpower.
Wands
 r - a wand of roots (35)
 t - a wand of digging (13)
 z - a wand of light (40)
 G - a wand of paralysis (47)
Scrolls
 c - 5 scrolls of immolation
 d - 9 scrolls of revelation
 m - 20 scrolls of teleportation
 o - 4 scrolls of fog
 q - 5 scrolls of vulnerability
 u - 7 scrolls of enchant weapon
 v - 3 scrolls of silence
 F - 11 scrolls of blinking
 H - 7 scrolls of enchant armour
 M - 9 scrolls of amnesia
 Q - 10 scrolls of fear
 R - 3 scrolls of butterflies
 U - 7 scrolls of poison
Potions
 h - 9 potions of enlightenment
 n - 4 potions of mutation
 p - 2 potions of ambrosia
 w - 10 potions of might
 A - 5 potions of attraction
 B - 21 potions of curing
 C - a potion of invisibility
 D - 13 potions of lignification
 J - 6 potions of cancellation
 P - a potion of berserk rage
 V - 4 potions of heal wounds
 X - 3 potions of brilliance
Miscellaneous
 g - a condenser vane
 I - a box of beasts (inert)
 Y - a phantom mirror


   Skills:
 + Level 15.5 Fighting
 + Level 20.3 Dodging
 O Level 27 Stealth
 - Level 2.0 Shields
 - Level 22.9 Spellcasting
 - Level 2.0 Conjurations
 - Level 25.0 Ice Magic
 - Level 10.0 Evocations


You had 43 spell levels left.
You knew the following spells:

 Your Spells              Type           Power      Damage    Failure   Level
a - Ozocubu's Refrigerat  Ice            96%        4d28      1%          7
b - Polar Vortex          Ice            96%        12d12*    3%          9
c - Hailstorm             Conj/Ice       100%       3d20      0%          3
d - Summon Ice Beast      Ice/Summ       100%       N/A       1%          4
e - Apportation           Tloc           74%        N/A       1%          1
f - Freeze                Ice            100%       1d10      0%          1
g - Frozen Ramparts       Ice            100%       1d16      0%          3

Your spell library contained the following spells:

 Spells                   Type           Power      Damage    Failure   Level
 Ozocubu's Armour         Ice            100%       N/A       0%          3
 Beastly Appendage        Tmut           74%        N/A       1%          1
 Magic Dart               Conj           100%       1d8       1%          1
 Necrotise                Necr           100%       1d9       1%          1
 Sandblast                Erth           74%        2d16      1%          1
 Sting                    Tmut/Pois      100%       1d8       1%          1
 Summon Small Mammal      Summ           100%       N/A       1%          1
 Blink                    Tloc           74%        N/A       1%          2
 Call Imp                 Summ           74%        N/A       1%          2
 Cigotuvi's Dreadful Rot  Necr/Pois/Air  74%        N/A       1%          2
 Lesser Beckoning         Tloc           74%        N/A       1%          2
 Momentum Strike          Conj/Tloc      88%        3d10      1%          2
 Passwall                 Tmut/Erth      30%        N/A       1%          2
 Poisonous Vapours        Pois/Air       74%        N/A       1%          2
 Scorch                   Fire           74%        2d8       1%          2
 Searing Ray              Conj           100%       2d8       1%          2
 Static Discharge         Conj/Air       88%        2-6/arc   1%          2
 Sublimation of Blood     Necr           37%        N/A       1%          2
 Wereblood                Tmut           37%        N/A       1%          2
 Dazzling Flash           Conj/Hex       88%        N/A       1%          3
 Stone Arrow              Conj/Erth      88%        3d12      1%          3
 Ice Form                 Ice/Tmut       100%       N/A       1%          4
 Freezing Cloud           Conj/Ice/Air   72%        6-21      1%          5
 Metabolic Englaciation   Hex/Ice        79%        N/A       1%          5
 Mephitic Cloud           Conj/Pois/Air  42%        N/A       2%          3
 Call Canine Familiar     Summ           37%        N/A       3%          3
 Gell's Gravitas          Tloc           37%        N/A       3%          3
 Ignite Poison            Fire/Tmut/Pois 37%        N/A       3%          3
 Inner Flame              Hex/Fire       37%        N/A       3%          3
 Portal Projectile        Hex/Tloc       74%        N/A       3%          3
 Spider Form              Tmut/Pois      37%        N/A       3%          3
 Teleport Other           Tloc           37%        N/A       3%          3
 Tukima's Dance           Hex            37%        N/A       3%          3
 Vhi's Electric Charge    Tloc/Air       74%        N/A       3%          3
 Volatile Blastmotes      Fire/Tloc      74%        2d16      3%          3
 Flame Wave               Conj/Fire      44%        2d11      6%          4
 Fulminant Prism          Conj/Hex       22%        3d12      6%          4
 Iskenderun's Mystic Bla  Conj/Tloc      44%        2d10      6%          4
 Sticky Flame             Conj/Fire      44%        2d6       6%          4
 Airstrike                Air            18%        2d(3-19)  10%         4
 Anguish                  Hex/Necr       18%        N/A       10%         4
 Cause Fear               Hex            18%        N/A       10%         4
 Dispel Undead            Necr           37%        3d15      10%         4
 Leda's Liquefaction      Hex/Erth       18%        N/A       10%         4
 Manifold Assault         Tloc           37%        N/A       10%         4
 Olgreb's Toxic Radiance  Pois           37%        N/A       10%         4
 Passage of Golubria      Tloc           37%        N/A       10%         4
 Petrify                  Tmut/Erth      37%        N/A       10%         4
 Summon Lightning Spire   Summ/Air       37%        N/A       10%         4
 Arcjolt                  Conj/Air       22%        1d32      19%         5
 Irradiate                Conj/Tmut      22%        3d19      19%         5
 Alistair's Intoxication  Tmut/Pois      24%        N/A       26%         5
 Blade Hands              Tmut           18%        N/A       26%         5
 Borgnjor's Vile Clutch   Necr/Erth      18%        N/A       26%         5
 Lee's Rapid Deconstruct  Erth           18%        3d11*     26%         5
 Silence                  Hex/Air        18%        N/A       26%         5
 Summon Mana Viper        Hex/Summ       37%        N/A       26%         5
 Yara's Violent Unravell  Hex/Tmut       18%        3d9       26%         5
 Leda's Unmaking          Conj/Erth      22%        9d4       69%         6
 Death Channel            Necr           18%        N/A       83%         6
 Statue Form              Tmut/Erth      24%        N/A       83%         6
 Summon Cactus Giant      Summ           18%        N/A       83%         6
 Spellforged Servitor     Conj/Summ      22%        N/A       99%         7
 Dragon Form              Tmut           18%        N/A       100%        7
 Enfeeble                 Hex            18%        N/A       100%        7
 Haunt                    Necr/Summ      18%        N/A       100%        7
 Storm Form               Tmut/Air       18%        N/A       100%        7
 Summon Hydra             Summ           18%        N/A       100%        7
 Infestation              Necr           18%        N/A       100%        8
 Lehudib's Crystal Spear  Conj/Erth      22%        10d6      100%        8
 Maxwell's Capacitive Co  Air            18%        ∞         100%        8
 Chain Lightning          Conj/Air       22%        3d29      100%        9
 Dragon's Call            Summ           18%        N/A       100%        9
 Fire Storm               Conj/Fire      22%        8d6       100%        9
 Simulacrum               Ice/Necr       Unusable   N/A       N/A         6
 Animate Armour           Summ/Erth      Unusable   N/A       N/A         4
 Animate Dead             Necr           Unusable   N/A       N/A         4

Dungeon Overview and Level Annotations

Branches:
Dungeon (15/15)            Temple (1/1) D:6            Lair (5/5) D:9
 Shoals (4/4) Lair:2        Snake (4/4) Lair:2        Slime (5/5) Lair:4
    Orc (2/2) D:12            Elf (3/3) Orc:2        Vaults (5/5) D:14
  Crypt (1/3) Vaults:3     Depths (4/4) D:15            Zot (5/5) Depths:4
Ossuary (visited)          Bailey (visited)           IceCv (visited)
Volcano (visited)         Desolation (visited)

Altars:
Ashenzari
Cheibriados
Dithmenos
Elyvilon
Fedhas
Gozag
Hepliaklqana
Kikubaaqudgha
Makhleb
Nemelex Xobeh
Okawaru
Qazlal
Ru
Sif Muna
Trog
Uskayaw
Vehumet
Wu Jian
Xom
Yredelemnul
Zin
The Shining One
Jiyva

Shops:
D:3 =   D:9 =   D:12 ([==   D:14 [   D:15 *   Orc:2 ?=![   Lair:4 :   Lair:5 ?
Shoals:1 (   Shoals:3 (   Shoals:4 :   Snake:4 :   Vaults:4 **(*(?

Portals:
Hell: Depths:1
Abyss: Depths:4
Pandemonium: Orc:2
Ziggurat: Depths:4

Annotations:
D:6 exclusion: black bear
D:8 exclusion: downstairs
Lair:1 exclusion: orange crystal statue
Depths:1 3 runed translucent doors, Tourr's ghost, veteran HuIE; Walofim's ghost, adept DrTm


Innate Abilities, Weirdness & Mutations

You cannot wear most types of armour.
You are amphibious.
You can wear up to eight rings at the same time.
Your skin changes colour to match your surroundings (Stealth+).
Your rubbery body absorbs attacks. (AC +1, EV +1)
((You are camouflaged when in or above water. (Stealth+)))
You have tentacles for arms and can constrict up to eight enemies at once.
You are partially covered in iridescent scales. (AC +2)
You are clumsy. (Dex -2)
You are somewhat resistant to further mutation.


Message History

Your surroundings suddenly seem different.
You float gracefully downwards.
The winds around you calm down.
There is a stone staircase leading up, spattered with blood here.
Magic restored.
There is a stone staircase leading up here.
You climb upwards.
There is a stone staircase leading down here.
There is an open door here.
There is a stone staircase leading up here.
You climb upwards.
There is a stone staircase leading down here.
There is an open gate here.
There is a stone staircase leading up here.
You climb upwards.
There is a stone staircase leading down, spattered with blood here.
There is a stone staircase leading up here.
You climb upwards.
There is a stone staircase leading down here.
There is a stone staircase leading up here.
You climb upwards.
A Brimstone Fiend comes into view.
There is a stone staircase leading down here.
Casting: Polar Vortex (dangerous; 3% risk of failure)
Confirm with . or Enter, or press ? or * to list all spells.
You feel a huge surge of power!
A great freezing vortex appears and lifts you up.
You kill the Brimstone Fiend!
The winds around you start to calm down.
You float gracefully downwards.
You are engulfed in whirling frost.
The winds around you calm down.
Aiming: Dig
Press: ? - help, Shift-Dir - straight line A rock wall.
This square is covered in magical glow.
The rock shatters into small pieces.
A sun demon comes into view.
There is a staircase leading out of the dungeon here.
You have escaped!

###......########..........
#...................#).....
#........#####...####.##...
###.............## #.####.
#.......####.# #.# #.
##.#.##.....#######.####.
#.#.....#...............
#.....##.###############
#...).#@######.~.####.##
##.......#~.~#.~.~.##.~.#
##......#~..≈..~≈≈~~..~~~.
#.......#≈.~~)≈≈≈≈≈~~~~≈≈~
#.#.....#~~~≈≈≈≈≈≈†≈≈≈≈≈≈~
#.#.3...#≈≈≈≈≈≈≈≈≈≈≈≈~≈~.~
####......>#≈≈~≈≈(≈~)~~~≈.~..
#..........#P~P~≈P.~P~.≈≈~~.~
#..........##################


You could see a sun demon.

Vanquished Creatures
  the Royal Jelly (Slime:5)
  4 dread liches
  6 orbs of fire
  3 ancient liches
  4 Killer Klowns
  A curse toe (Zot:5)
  4 golden dragons
  A bone dragon (Depths:4)
  2 electric golems (Zot:5)
  2 Brimstone Fiends
  10 tentacled monstrosities
  A lich (Depths:1)
  3 deep elf blademasters
  2 quicksilver dragons (Zot:5)
  A titan (Vaults:5)
  23 Orb Guardians
  2 deep elf master archers (Elf:3)
  An Executioner (Depths:4)
  22 acid blobs
  A kraken (Shoals:3)
  9 death cobs
  Polyphemus (Shoals:2)
  9 storm dragons
  5 tengu reavers
  11 sphinxes
  5 draconian monks
  16 azure jellies
  Donald (Vaults:2)
  Roxanne (Elf:3)
  16 rockslimes
  3 shadow dragons
  4 fire giants
  4 deep elf sorcerers (Elf:3)
  A frost giant (Vaults:5)
  8 draconian scorchers
  8 draconian knights
  5 nagarajas
  2 iron dragons (Vaults:5)
  An imperial myrmidon (Desolation)
  3 ghost moths
  15 vault wardens
  3 draconian shifters
  4 deep elf elementalists (Elf:3)
  Aizul (Snake:1)
  17 ironbound preservers
  An angel (D:6)
  Louise (Shoals:4)
  4 draconian stormcallers
  5 draconian annihilators
  11 quicksilver oozes
  6 very ugly things
  A formless jellyfish (Vaults:2)
  12 ironbound thunderhulks
  8 war gargoyles
  11 stone giants
  11 deep elf demonologists
  A lorocyproca (D:6)
  13 black draconians
  5 yellow draconians
  12 green draconians
  7 deep elf annihilators
  16 white draconians
  14 red draconians
  16 dire elephants
  3 minotaurs (Shoals:4)
  2 spark wasps (Depths:4)
  3 halazid warlocks (Desolation)
  The ghost of bjtr the Purveyor of Pain, a journeyman DsNe of Kikubaaqudgha (D:14)
  12 purple draconians
  5 merfolk impalers
  7 ettins
  5 deep elf death magi
  A fire dragon (Depths:1)
  2 crystal guardians (Desolation)
  Josephine (Lair:5)
  A merfolk javelineer (Shoals:2)
  3 ragged hierophants (Desolation)
  6 servants of whispers (Desolation)
  7 deep elf high priests
  12 great orbs of eyes
  16 yaktaur captains
  2 entropy weavers
  A hell beast (Depths:4)
  7 peacekeepers
  2 salamander tyrants
  An ice dragon (Depths:1)
  6 hydras
  28 vault guards
  13 anacondas
  2 spriggan air magi
  2 demonspawn (Orc:2)
  A catoblepas (Shoals:2)
  5 merfolk avatars
  4 ogre magi (Vaults:5)
  12 centaur warriors
  3 merfolk aquamancers
  5 boulder beetles
  13 satyrs
  2 death knights (D:14)
  12 two-headed ogres
  13 ironbound frosthearts
  An anaconda (shapeshifter) (Vaults:5)
  8 death yaks
  A demonic crawler (D:6)
  3 deep troll earth magi
  A hell hog (Volcano)
  2 tengu warriors (Depths:4)
  28 dancing weapons
  19 naga sharpshooters
  3 deep troll shamans (Depths:1)
  13 naga warriors
  7 orc high priests (Orc:2)
  11 shock serpents
  2 spriggan berserkers (Depths:1)
  Sonja (Lair:1)
  13 deep elf knights
  Urug (D:13)
  5 hell knights (Depths:4)
  Amaemon (Lair:1)
  A titan skeleton (Vaults:3)
  A fire crab (shapeshifter) (Elf:3)
  3 salamander mystics
  2 skysharks (Shoals:2)
  5 iron trolls
  A death drake (shapeshifter) (Vaults:3)
  17 sea snakes
  9 naga ritualists
  7 skeletal warriors
  3 glowing orange brains
  6 lindwurms
  40 deep trolls
  14 deep elf archers
  20 ironbound convokers
  A sphinx zombie (Vaults:4)
  4 wizards
  7 phantasmal warriors
  9 orc knights
  22 deep elf pyromancers
  11 mana vipers
  35 harpies
  7 necromancers
  32 deep elf zephyrmancers
  4 cyclopes
  20 manticores
  7 shining eyes
  5 orc sorcerers
  21 fauns
  22 ugly things
  3 elephants
  13 salamanders
  A stone giant zombie (Vaults:4)
  16 vault sentinels
  7 merfolk sirens
  4 human skeletons
  8 guardian serpents
  21 naga magi
  Maurice (Orc:2)
  A frost giant skeleton (Vaults:3)
  10 moths of wrath
  An orange demon (Lair:1)
  8 water nymphs
  5 eyes of devastation
  3 gargoyles
  29 black mambas
  A rust devil (Orc:2)
  An ice statue (IceCv)
  A torpor snail (Lair:5)
  10 cane toads
  2 smoke demons (Orc:2)
  3 unseen horrors
  28 yaktaurs
  3 freezing wraiths
  3 kobold demonologists
  4 rime drakes
  13 komodo dragons
  14 ice devils (IceCv)
  2 tengu conjurers (Depths:1)
  6 trolls
  22 merfolk
  7 meliai
  A queen bee (Lair:3)
  A hellwing (Depths:1)
  3 polar bears (Lair:5)
  Grinder (D:3)
  A merfolk (shapeshifter) (Vaults:5)
  6 wind drakes
  15 blink frogs
  7 hornets
  10 snapping turtles
  A stone giant simulacrum (Vaults:3)
  A blink frog (shapeshifter) (Elf:3)
  42 saltlings (Desolation)
  A culicivora (Vaults:2)
  2 shadows (D:9)
  133 slime creatures
  12 spriggans
  6 wraiths
  29 yaks
  6 humans
  4 wyverns
  2 vampires
  3 air elementals (Elf:1)
  17 water elementals
  2 dire elephant simulacra (IceCv)
  A chaos spawn (Depths:1)
  5 fire elementals
  A fire bat (Volcano)
  13 golden eyes
  7 basilisks
  8 vampire mosquitoes
  2 steam dragons
  2 redbacks (Vaults:2)
  2 death yak simulacra (IceCv)
  A warg (D:15)
  2 glowing shapeshifter zombies (Vaults:4)
  48 nagas
  A swamp worm (shapeshifter) (Vaults:5)
  3 hydra simulacra (IceCv)
  4 acid dragons
  16 water moccasins
  A floating eye (Slime:1)
  44 orc warriors
  3 hell hounds
  6 black bears
  A sky beast (D:7)
  An ice beast (D:8)
  9 ogres
  12 boggarts
  11 centaurs
  22 wolves
  3 human zombies
  4 kobold brigands
  A gnoll sergeant (D:8)
  An earth elemental (Elf:3)
  19 bullfrogs
  5 scorpions
  6 cane toad simulacra
  3 wights (D:10)
  4 elephant simulacra (IceCv)
  15 killer bees
  5 electric eels
  3 hounds
  11 jellies (Lair:4)
  30 orc priests
  A gnoll bouda (D:7)
  5 iguanas
  Ijyb (D:3)
  Natasha (thrice) (D:3)
  14 orc wizards
  A spriggan simulacrum (IceCv)
  7 hell rats (Lair:3)
  4 polar bear simulacra (IceCv)
  A troll simulacrum (IceCv)
  4 wolf simulacra (IceCv)
  A nameless horror (D:3)
  3 mummies (Ossuary)
  20 gnolls
  A naga simulacrum (IceCv)
  A river rat (Lair:3)
  4 adders
  2 white imps
  2 ufetubi
  5 worms
  2 dart slugs (D:4)
  117 orcs
  3 bats
  An endoplasm (shapeshifter) (Elf:3)
  19 endoplasms
  2 giant cockroaches (D:3)
  A gnoll zombie (Ossuary)
  12 goblins
  9 hobgoblins
  21 kobolds
  3 quokkas
  9 ball pythons
  6 frilled lizards
  A hobgoblin zombie (Ossuary)
  2 kobold zombies (Ossuary)
  4 orc zombies (Ossuary)
  2 rats (D:1)
  2 tentacles (Shoals:3)
2268 creatures vanquished.

Vanquished Creatures (collateral kills)
  A golden dragon (Zot:5)
  A draconian annihilator (Zot:5)
  Erica (Lair:1)
  A two-headed ogre (D:9)
  A death yak (Lair:4)
  An oklob plant (Lair:4)
  An elephant (Lair:3)
  2 black mambas
  2 cane toads
  3 ice devils (IceCv)
  A meliai (Lair:3)
  A polar bear (Lair:5)
  6 blink frogs
  Prince Ribbit (Bailey)
  2 slime creatures (D:9)
  A spriggan (Lair:5)
  A wyvern (Lair:3)
  A human (Bailey)
  6 yaks
  A basilisk (Lair:2)
  A steam dragon (D:10)
  A hydra simulacrum (IceCv)
  6 water moccasins
  2 wolves (Lair:1)
  3 bullfrogs
  19 killer bees
  An electric eel (Lair:1)
  A howler monkey (D:8)
  An orc priest (D:8)
  6 hell rats (Lair:3)
  3 orc wizards
  A polar bear simulacrum (IceCv)
  5 mummies (Ossuary)
  A gnoll (D:8)
  An ufetubus (IceCv)
  4 orcs (D:8)
  2 endoplasms (Lair:4)
  A frilled lizard (D:3)
94 creatures vanquished.

Vanquished Creatures (others)
  A dread lich (Zot:5)
  An orb of fire (Zot:5)
  Mara (Snake:3)
  2 tentacled monstrosities (Zot:5)
  4 Orb Guardians (Zot:5)
  A storm dragon (Zot:5)
  A draconian annihilator (Zot:5)
  2 black draconians (Zot:5)
  A yellow draconian (Zot:5)
  3 white draconians (Zot:5)
  A merfolk aquamancer (Shoals:2)
  An elf zombie (Vaults:4)
  2 tentacles (Shoals:3)
21 creatures vanquished.

Grand Total: 2383 creatures vanquished

Notes
Turn   | Place    | Note
-------+----------+-------------------------------------------
     0 | D:1      | holysushi the Octopode Ice Elementalist began the quest for
                  | the Orb.
     0 | D:1      | Reached XP level 1. HP: 11/11 MP: 3/3
   224 | D:1      | Reached XP level 2. HP: 17/17 MP: 2/5
   833 | D:1      | Reached XP level 3. HP: 21/21 MP: 5/7
  2003 | D:3      | Found a broken altar of Ashenzari.
  2203 | D:3      | Found Soifiutang's Jewellery Shoppe.
  2205 | D:3      | Noticed Ijyb
  2290 | D:3      | Reached XP level 4. HP: 27/27 MP: 7/9
  2298 | D:3      | Noticed Natasha
  2308 | D:3      | Learned a level 3 spell: Frozen Ramparts
  2312 | D:3      | Learned a level 3 spell: Hailstorm
  2322 | D:3      | Reached skill level 1 in Fighting
  2349 | D:3      | Killed Natasha
  2626 | D:3      | Reached skill level 1 in Conjurations
  2732 | D:3      | Noticed Grinder
  2756 | D:3      | Killed Grinder
  2757 | D:3      | Reached XP level 5. HP: 34/34 MP: 3/10
  2757 | D:3      | Reached XP level 6. HP: 39/39 MP: 3/11
  3056 | D:4      | Reached skill level 5 in Ice Magic
  3495 | D:4      | Reached XP level 7. HP: 45/45 MP: 3/12
  4217 | D:4      | Learned a level 4 spell: Summon Ice Beast
  4256 | D:5      | Entered Level 5 of the Dungeon
  4324 | D:5      | Reached skill level 5 in Dodging
  5163 | D:5      | Reached XP level 8. HP: 42/50 MP: 6/13
  5692 | D:6      | Identified the +1 hand axe of Painful Death {heavy, rPois
                  | rN+ SInv Stlth+}
  5698 | D:6      | Got the Textbook on Translocated Immolation
  5732 | D:6      | Found an opulent altar of Gozag.
  5740 | D:6      | Became a worshipper of Gozag Ym Sagoz the Greedy
  6163 | D:6      | Found a hazy altar of Hepliaklqana.
  7081 | D:6      | Found a staircase to the Ecumenical Temple.
  7359 | Temple   | Entered the Ecumenical Temple
  7709 | D:7      | Found a flagged portal.
  7778 | Bailey   | Entered a bailey
  7804 | Bailey   | Reached XP level 9. HP: 41/54 MP: 3/14
  8098 | Bailey   | Reached skill level 1 in Evocations
  8200 | Bailey   | Noticed Prince Ribbit
  8200 | Bailey   | Noticed a vault guard
  8213 | Bailey   | Killed Prince Ribbit
  8375 | Bailey   | Noticed a vault guard
  8523 | D:3      | Noticed Natasha
  8525 | D:3      | Killed Natasha
  8549 | D:3      | Bought a +6 ring of intelligence for 360 gold pieces
  8602 | D:3      | Noticed Natasha
  8605 | D:3      | Killed Natasha
  9275 | D:3      | Found Soifiutang's Jewellery Shoppe.
  9447 | D:3      | Killed Ijyb
  9861 | D:3      | Found a broken altar of Ashenzari.
 10119 | D:7      | Reached skill level 10 in Ice Magic
 10479 | D:7      | Reached skill level 5 in Spellcasting
 10639 | D:7      | Found a sacrificial altar of Ru.
 10662 | D:7      | Reached XP level 10. HP: 60/60 MP: 13/17
 10939 | D:7      | Found an iron altar of Okawaru.
 10939 | D:7      | Found a radiant altar of Vehumet.
 11490 | D:3      | Bought a +4 ring of protection for 360 gold pieces
 11682 | D:8      | Found a sand-covered staircase.
 11686 | Ossuary  | Entered an ossuary
 13131 | D:8      | Found a runed translucent door.
 13925 | D:9      | Noticed a two-headed ogre
 14356 | D:9      | Noticed a boulder beetle
 14810 | D:9      | Killed a two-headed ogre
 14811 | D:9      | Reached XP level 11. HP: 64/64 MP: 9/21
 14893 | D:9      | Found a staircase to the Lair.
 15247 | D:9      | Noticed a two-headed ogre
 15259 | D:9      | Killed a two-headed ogre
 15260 | D:9      | Reached skill level 10 in Dodging
 15548 | D:9      | Noticed a centaur warrior
 15553 | D:9      | Killed a centaur warrior
 15756 | D:9      | Noticed a two-headed ogre
 15795 | D:9      | Killed a two-headed ogre
 16165 | D:9      | Killed a boulder beetle
 16272 | D:10     | Entered Level 10 of the Dungeon
 16589 | D:10     | Noticed a two-headed ogre
 16600 | D:10     | Noticed a manticore
 16914 | Lair:1   | Entered Level 1 of the Lair of Beasts
 16914 | Lair:1   | Found a frozen archway.
 17084 | D:9      | Bought a ring of ice for 400 gold pieces
 17107 | IceCv    | Entered an ice cave
 18132 | IceCv    | Reached XP level 12. HP: 70/70 MP: 3/22
 18868 | IceCv    | Found an ancient bone altar of Kikubaaqudgha.
 19158 | IceCv    | Reached skill level 15 in Ice Magic
 22133 | IceCv    | Glimpsed the power of Zot.
 22649 | D:9      | Bought a ring of ice for 400 gold pieces
 22824 | Lair:1   | Noticed Sonja
 22835 | Lair:1   | Killed Sonja
 22903 | Lair:1   | Noticed Erica
 23778 | Lair:1   | Killed Erica
 23779 | Lair:1   | Reached skill level 1 in Shields
 23912 | Lair:1   | Reached XP level 13. HP: 79/79 MP: 7/25
 24283 | Lair:1   | Noticed Amaemon
 24292 | Lair:1   | Killed Amaemon
 24584 | Lair:1   | Learned a level 1 spell: Apportation
 24602 | Lair:1   | Identified the ring of Monotheism {Fly Slay+3}
 25822 | Lair:2   | Reached skill level 10 in Spellcasting
 25883 | Lair:2   | Found a staircase to the Snake Pit.
 26265 | Lair:2   | Found a staircase to the Shoals.
 27069 | D:9      | Bought a +5 ring of evasion for 576 gold pieces
 27803 | Lair:3   | Reached skill level 5 in Evocations
 29271 | Lair:3   | Reached XP level 14. HP: 85/85 MP: 19/29
 30356 | Lair:4   | Bought Ozocubu's Autobiography for 312 gold pieces
 30366 | Lair:4   | Learned a level 7 spell: Ozocubu's Refrigeration
 30500 | Lair:4   | Found a staircase to the Slime Pits.
 30839 | Lair:5   | Entered Level 5 of the Lair of Beasts
 31091 | Lair:5   | Found a dark tunnel.
 31163 | Volcano  | Entered a volcano
 33411 | Lair:5   | Identified the +5 orcbow of Mana {elec, rPois rC- Str+3
                  | Int+4}
 34626 | Lair:5   | Noticed Josephine
 34758 | Lair:5   | Killed Josephine
 35528 | Lair:5   | Identified the +0 helmet of the Amoeba {Dex+2}
 35543 | Lair:5   | Reached XP level 15. HP: 90/90 MP: 15/30
 36393 | Lair:5   | Bought a scroll of identify for 34 gold pieces
 36393 | Lair:5   | Bought a scroll of identify for 34 gold pieces
 36393 | Lair:5   | Bought a scroll of blinking for 127 gold pieces
 39201 | D:12     | Found an iron altar of Okawaru.
 39404 | D:12     | Found a staircase to the Orcish Mines.
 40598 | Orc:1    | Entered Level 1 of the Orcish Mines
 40731 | Orc:1    | Reached skill level 3 in Stealth
 41055 | Orc:2    | Entered Level 2 of the Orcish Mines
 42090 | Orc:2    | Found Symesoggi's Magic Scroll Emporium.
 42368 | Orc:2    | Found Kuz Xus's Distillery.
 42370 | Orc:2    | Reached skill level 4 in Stealth
 42972 | Orc:2    | Bought a scroll of teleportation for 45 gold pieces
 42972 | Orc:2    | Bought a scroll of teleportation for 45 gold pieces
 42972 | Orc:2    | Bought a scroll of revelation for 112 gold pieces
 42974 | Orc:2    | Bought a potion of heal wounds for 65 gold pieces
 43131 | Orc:2    | Reached skill level 5 in Stealth
 43751 | Orc:2    | Reached skill level 6 in Stealth
 44213 | Orc:2    | Found Velixtys's Antique Armour Boutique.
 44213 | Orc:2    | Found Opsithun's Jewellery Shop.
 44214 | Orc:2    | Found a one-way gate leading to the halls of Pandemonium.
 44217 | Orc:2    | Bought a glowing orb for 336 gold pieces
 44219 | Orc:2    | Bought the ring "Eleqoz" {Drain rC++ Will+ MP+9 Dex+3} for
                  | 967 gold pieces
 44430 | Orc:2    | Found a staircase to the Elven Halls.
 44435 | Orc:2    | Noticed Maurice
 44438 | Orc:2    | Killed Maurice
 45026 | Shoals:1 | Entered Level 1 of the Shoals
 45108 | Shoals:1 | Reached skill level 7 in Stealth
 45164 | Shoals:1 | Found Wyitt's Weapon Boutique.
 45175 | Shoals:1 | Reached skill level 15 in Dodging
 45743 | Shoals:1 | Reached XP level 16. HP: 95/95 MP: 26/32
 45973 | Shoals:1 | Reached skill level 8 in Stealth
 46740 | Shoals:2 | Reached skill level 9 in Stealth
 47402 | Shoals:2 | Found a runed translucent door.
 47554 | Shoals:2 | Reached skill level 10 in Stealth
 48683 | Shoals:2 | Noticed Polyphemus
 48686 | Shoals:2 | Killed Polyphemus
 49597 | Shoals:3 | Identified the +1 pair of boots of Zin's Benevolence
                  | {rPois}
 49612 | Shoals:3 | Found Caikhlor's Weapon Boutique.
 50303 | Shoals:3 | Reached XP level 17. HP: 99/99 MP: 28/34
 50864 | Shoals:3 | Noticed a kraken
 50875 | Shoals:3 | Killed a kraken
 50956 | Shoals:4 | Entered Level 4 of the Shoals
 52013 | Shoals:4 | Reached skill level 15 in Spellcasting
 52204 | Shoals:4 | Noticed a sphinx
 52206 | Shoals:4 | Killed a sphinx
 53327 | Shoals:4 | Noticed Louise
 53335 | Shoals:4 | Killed Louise
 54147 | Shoals:4 | Got a barnacled rune of Zot
 54521 | Shoals:4 | Bought the Quarto of Refrigeration for 608 gold pieces
 54534 | Shoals:4 | Learned a level 9 spell: Polar Vortex
 54629 | Snake:1  | Entered Level 1 of the Snake Pit
 55425 | Snake:1  | You fall into a shaft and drop 1 floor!
 55567 | Snake:2  | Reached XP level 18. HP: 106/106 MP: 39/39
 57666 | Snake:1  | Noticed Aizul
 57671 | Snake:1  | Killed Aizul
 59694 | Snake:3  | Noticed Mara
 59704 | Snake:3  | Noticed holysushi's illusion
 59711 | Snake:3  | Killed Mara
 62751 | Snake:4  | Entered Level 4 of the Snake Pit
 64156 | Snake:4  | Reached XP level 19. HP: 110/110 MP: 41/41
 65525 | Snake:4  | Got a serpentine rune of Zot
 65895 | Snake:4  | Found Jasmergh's Book Shop.
 67041 | D:13     | Identified the +0 robe of the Wild Haggis {rPois rCorr
                  | Dex-2}
 67075 | D:13     | Noticed Urug
 67077 | D:13     | Killed Urug
 67908 | D:14     | Found a runed translucent gate.
 67911 | D:14     | Found a runed translucent gate.
 67911 | D:14     | Found a runed translucent gate.
 67912 | D:14     | Noticed bjtr's ghost (journeyman DsNe)
 68819 | D:14     | Reached skill level 5 in Fighting
 69220 | D:14     | Found a gate to the Vaults.
 69222 | D:14     | Found Poprudd's Armour Shoppe.
 69633 | D:14     | Found a viscous altar of Jiyva.
 69923 | D:14     | Killed bjtr's ghost
 69987 | D:15     | Entered Level 15 of the Dungeon
 70051 | D:15     | Found a staircase to the Depths.
 70277 | D:15     | Found Dooq's Demolitions Depot.
 70495 | D:15     | Found a basalt altar of Yredelemnul.
 71378 | Slime:1  | Entered Level 1 of the Pits of Slime
 71935 | Slime:2  | Reached XP level 20. HP: 69/121 MP: 26/43
 74711 | Slime:5  | Entered Level 5 of the Pits of Slime
 76110 | Slime:5  | Noticed the Royal Jelly
 79023 | Slime:5  | Killed the Royal Jelly
 79219 | Slime:5  | Found the +7 sceptre of Torment {pain, torment}
 79469 | Slime:5  | Got a slimy rune of Zot
 80332 | Elf:1    | Entered Level 1 of the Elven Halls
 80363 | Elf:1    | Found a flickering gateway to a bazaar.
 80374 | Bazaar   | Entered a bazaar
 80444 | Bazaar   | Found Urowon's Magic Scroll Shoppe.
 80444 | Bazaar   | Found Topor's Weapon Emporium.
 80449 | Bazaar   | Bought a scroll of blinking for 60 gold pieces
 80449 | Bazaar   | Bought a scroll of revelation for 60 gold pieces
 80449 | Bazaar   | Bought a scroll of fear for 32 gold pieces
 80449 | Bazaar   | Bought a scroll of revelation for 60 gold pieces
 80479 | Bazaar   | Found Dimaghe's General Store.
 80484 | Bazaar   | Bought a scroll of blinking for 90 gold pieces
 80484 | Bazaar   | Bought 2 potions of curing for 72 gold pieces
 80548 | Bazaar   | Bought a scroll of immolation for 32 gold pieces
 81413 | Elf:1    | Reached XP level 21. HP: 135/135 MP: 45/45
 82571 | Elf:2    | Found a runed translucent gate.
 82571 | Elf:2    | Found a runed translucent gate.
 82581 | Elf:2    | Found a runed translucent gate.
 83184 | Elf:2    | Reached skill level 10 in Fighting
 84252 | Elf:3    | Entered Level 3 of the Elven Halls
 84255 | Elf:3    | Identified Roxanne's Folio of Spelunking
 84255 | Elf:3    | Noticed Roxanne
 86269 | Elf:3    | Identified the +11 plate armour of the Rescuing Gods
                  | {Contam *Slow rC+ Str+8}
 86522 | Elf:3    | Identified the +1 dire flail of Honour {flame, rElec}
 86551 | Elf:3    | Identified the +0 robe of Wedeh {*Slow MP+9 Stlth+
                  | Archmagi}
 86695 | Elf:3    | Identified the +9 sling of the Cup {drain, rCorr}
 86696 | Elf:3    | Identified the ring "Ubrairgh" {Fly AC+4 Str-4 Int-4
                  | Stlth+}
 86700 | Elf:3    | Identified the staff "Hutusum" {rN+ Str+2 Int+3 Necro}
 86769 | Elf:3    | Identified the staff of Beogh's Anger {+Blink rF+ rN+++
                  | Str-2 Int-3 Fire}
 86775 | Elf:3    | Got Iskenderun's Monograph on Cursed Wounds
 86777 | Elf:3    | Identified the scarf "Xyihi" {shadows, +Inv MP+9 Int+4
                  | Dex-3}
 87144 | Elf:3    | Killed Roxanne
 87408 | D:12     | Bought a masterwork war axe for 331 gold pieces
 87408 | D:12     | Identified the +9 war axe of the Dancing Messenger {freeze,
                  | rElec rF+ rC- Dex+4} (You bought it in a shop on level 12
                  | of the Dungeon)
 87408 | D:12     | Bought a crude spear for 312 gold pieces
 87408 | D:12     | Identified the +1 spear of Theory {spect, Fragile rF+ rN++
                  | Stlth+} (You bought it in a shop on level 12 of the
                  | Dungeon)
 87425 | D:12     | Bought the ring of Rezygori {Int+6 Dex+4} for 668 gold
                  | pieces
 87425 | D:12     | Bought the ring "Pufalityna" {Ice Str+4 Int+3 Slay+3} for
                  | 770 gold pieces
 87425 | D:12     | Bought the ring "Enytz" {Ice rElec rN+++ Int+3 Dex-4} for
                  | 752 gold pieces
 87527 | Vaults:1 | Entered Level 1 of the Vaults
 87861 | Vaults:1 | Reached XP level 22. HP: 148/148 MP: 46/46
 91264 | Vaults:2 | Noticed Donald
 91267 | Vaults:2 | Killed Donald
 92621 | Vaults:3 | Found a crumbling gateway.
 92665 | Desolati | Entered the Desolation of Salt
 92713 | Desolati | Found the +4 moon troll leather armour {Spirit, Regen++
                  | MP+5}
 92722 | Desolati | Reached XP level 23. HP: 146/161 MP: 18/48
 92738 | Desolati | Identified the +7 plate armour of Resourcefulness {rPois
                  | Str+3 Int+4}
 93219 | Desolati | Got Sif Muna's Parchment of the Creeping Oath
 93221 | Desolati | Identified the amulet of Tymmacvy {Acrobat rF+}
 93350 | Desolati | Identified the +1 scimitar "Fobbuczi" {flame, Str+3 SInv}
 93468 | Desolati | Identified the +5 short sword "Adyel" {venom, rElec}
 93508 | Desolati | Identified the ring "Hurphaxa" {Wiz Dex+2}
 93517 | Desolati | Got the Treatise on the Jaunt
 93998 | Vaults:3 | Found a staircase to the Crypt.
 94326 | Vaults:3 | Reached skill level 15 in Fighting
 94767 | Vaults:3 | Identified the +11 arbalest of Sonos {freeze, Int+4 Dex-3}
 96187 | Vaults:4 | Found Jyleq's Assorted Antiques.
 96197 | Vaults:4 | Bought a potion of heal wounds for 195 gold pieces
 96260 | Vaults:4 | Identified the +8 battleaxe "Foil" {venom, Will+}
 96715 | Vaults:4 | Found Cyjarch's Antique Weapon Boutique.
 96723 | Vaults:4 | Bought a fine flail for 314 gold pieces
 96723 | Vaults:4 | Identified the +3 flail "Zempask" {distort, rF+ Dex+2
                  | Stlth+} (You bought it in a shop on level 4 of the Vaults)
 96754 | Vaults:4 | Found Zalunu Gief's Assorted Antiques.
 96762 | Vaults:4 | Bought a scroll of teleportation for 81 gold pieces
 96762 | Vaults:4 | Bought a wand of light (3) for 340 gold pieces
 96832 | Vaults:4 | Found Nuesirphy's Assorted Antiques.
 96840 | Vaults:4 | Bought a potion of heal wounds for 155 gold pieces
 96840 | Vaults:4 | Bought a potion of haste for 310 gold pieces
 97241 | Vaults:5 | Entered Level 5 of the Vaults
 97241 | Vaults:5 | Noticed a dread lich
 97248 | Vaults:5 | Killed a dread lich
 97407 | Vaults:5 | Reached XP level 24. HP: 142/169 MP: 48/48
 97413 | Vaults:5 | Identified the ring of Letuav {rF+++ AC+4 Str+6 Int-4
                  | Slay-2}
 97718 | Vaults:5 | Noticed an ancient lich
 97724 | Vaults:5 | Killed an ancient lich
 97981 | Vaults:5 | Noticed an ancient lich
 98110 | Vaults:5 | Killed an ancient lich
 98110 | Vaults:5 | Noticed a dread lich
 98237 | Vaults:5 | Killed a dread lich
 99967 | Vaults:5 | Identified the +3 robe of Indecent Exposure {rPois Dex+2}
100183 | Vaults:5 | Reached skill level 10 in Evocations
100251 | Vaults:5 | Identified the +3 quarterstaff "Woeqa" {heavy, rC+}
100441 | Vaults:5 | Got a silver rune of Zot
100557 | Vaults:5 | Identified the +0 plate armour of the Komodo Dragon {Str+3
                  | Slay+4}
101193 | Vaults:4 | Bought the +1 flail of Golden Action {flame, rElec rF+
                  | Dex+5} for 599 gold pieces
101197 | Vaults:4 | Bought a scroll of revelation for 142 gold pieces
101197 | Vaults:4 | Bought a scroll of revelation for 142 gold pieces
101197 | Vaults:4 | Bought a scroll of butterflies for 76 gold pieces
101494 | Crypt:1  | Entered Level 1 of the Crypt
101503 | Vaults:3 | Upgraded the game from 0.31-a0-236-g9a0961fb85 to
                  | 0.31-a0-237-g2d982f9f85
101681 | Depths:1 | Entered Level 1 of the Depths
101806 | Depths:1 | Reached XP level 25. HP: 174/174 MP: 49/49
101822 | Depths:1 | Found a runed translucent gate.
101822 | Depths:1 | Found a runed translucent gate.
101823 | Depths:1 | Found a runed translucent gate.
101826 | Depths:1 | Noticed Tourr's ghost (veteran HuIE)
101826 | Depths:1 | Noticed Walofim's ghost (adept DrTm)
101882 | Depths:1 | Found a gateway to Hell.
101904 | Depths:1 | Reached skill level 11 in Stealth
102025 | Depths:4 | Entered Level 4 of the Depths
102034 | Depths:4 | Found a one-way gateway to a ziggurat.
102040 | Depths:4 | Reached skill level 12 in Stealth
102107 | Depths:4 | Found a one-way gate to the infinite horrors of the Abyss.
102349 | Depths:4 | Reached skill level 13 in Stealth
102479 | Depths:4 | Found a gate to the Realm of Zot.
102607 | Depths:4 | Reached skill level 14 in Stealth
102874 | Zot:1    | Entered Level 1 of the Realm of Zot
103004 | Zot:1    | Reached skill level 15 in Stealth
103015 | Zot:1    | Reached skill level 16 in Stealth
103279 | Zot:1    | Noticed an orb of fire
103284 | Depths:4 | Killed an orb of fire
103490 | Zot:1    | Reached skill level 17 in Stealth
103630 | Zot:4    | Reached skill level 18 in Stealth
103959 | Zot:4    | Reached skill level 19 in Stealth
104358 | Zot:4    | Reached skill level 20 in Stealth
104591 | Zot:3    | Noticed a Killer Klown
104612 | Zot:3    | Killed a Killer Klown
104613 | Zot:3    | Reached XP level 26. HP: 180/180 MP: 39/49
104677 | Zot:4    | Reached skill level 21 in Stealth
104830 | Zot:5    | Entered Level 5 of the Realm of Zot
105123 | Zot:5    | Reached skill level 22 in Stealth
105620 | Zot:5    | Noticed a Killer Klown
105624 | Zot:5    | Reached skill level 23 in Stealth
105624 | Zot:5    | Killed a Killer Klown
105627 | Zot:5    | Noticed an ancient lich
105631 | Zot:5    | Noticed a Killer Klown
105633 | Zot:5    | Killed an ancient lich
105634 | Zot:5    | Killed a Killer Klown
105641 | Zot:5    | Noticed an orb of fire
105682 | Zot:5    | Killed a dread lich
105693 | Zot:5    | Killed an orb of fire
105702 | Zot:5    | Noticed a dread lich
105702 | Zot:5    | Noticed an orb of fire
105709 | Zot:5    | Gained mutation: Potions are less effective at restoring
                  | your health. [an orb of fire]
105715 | Zot:5    | Gained mutation: You are weak. (Str -2) [an orb of fire]
105717 | Zot:5    | Gained mutation: Your body sometimes deteriorates upon
                  | taking damage. [an orb of fire]
105718 | Zot:5    | Killed an orb of fire
105719 | Zot:5    | Lost mutation: You are weak. (Str -2) [potion of mutation]
105719 | Zot:5    | Lost mutation: Your body sometimes deteriorates upon taking
                  | damage. [potion of mutation]
105719 | Zot:5    | Lost mutation: Potions are less effective at restoring your
                  | health. [potion of mutation]
105719 | Zot:5    | Gained mutation: You are frail. (-10% HP) [potion of
                  | mutation]
105719 | Zot:5    | Gained mutation: You are partially covered in iridescent
                  | scales. (AC +2) [potion of mutation]
105719 | Zot:5    | Gained mutation: You are partially covered in large bone
                  | plates. (SH +4) [potion of mutation]
105720 | Zot:5    | Lost mutation: You are frail. (-10% HP) [potion of
                  | mutation]
105720 | Zot:5    | Lost mutation: You are partially covered in iridescent
                  | scales. (AC +2) [potion of mutation]
105720 | Zot:5    | Lost mutation: You are partially covered in large bone
                  | plates. (SH +4) [potion of mutation]
105720 | Zot:5    | Gained mutation: You are partially covered in iridescent
                  | scales. (AC +2) [potion of mutation]
105720 | Zot:5    | Gained mutation: You are somewhat resistant to further
                  | mutation. [potion of mutation]
105844 | Zot:5    | Noticed an orb of fire
105844 | Zot:5    | Noticed an orb of fire
105846 | Zot:5    | Reached skill level 24 in Stealth
105846 | Zot:5    | Noticed an orb of fire
105846 | Zot:5    | Noticed an orb of fire
105848 | Zot:5    | Killed an orb of fire
105849 | Zot:5    | Noticed a dread lich
105850 | Zot:5    | Noticed a Killer Klown
105853 | Zot:5    | Gained mutation: You are clumsy. (Dex -2) [an orb of fire]
105857 | Zot:5    | Killed an orb of fire
105858 | Zot:5    | Reached skill level 25 in Stealth
105859 | Zot:5    | Killed an orb of fire
105860 | Zot:5    | Killed a dread lich
105862 | Zot:5    | Killed an orb of fire
105863 | Zot:5    | Reached skill level 26 in Stealth
105870 | Zot:5    | Killed a Killer Klown
106244 | Zot:5    | Reached skill level 27 in Stealth
106290 | Zot:5    | Killed a dread lich
106324 | Zot:5    | Reached XP level 27. HP: 171/187 MP: 27/49
106328 | Zot:5    | Got the Orb of Zot
106457 | Zot:2    | Noticed Mozxisih the pandemonium lord
106489 | Depths:4 | Found a bloodstained altar of Trog.
106573 | Depths:1 | Noticed Ecahunus the pandemonium lord
106805 | D:5      | Noticed a seraph
106984 | D:$      | Escaped with the Orb!

Illustrated notes

Levels and vault maps discovered:
D:1:      lightli_arrival_windingriver, layout_rooms
D:2:      layout_loops_ring
D:3:      wad_crossroads, layout_basic, ashenzari_altar_1, serial_shops,
          nicolae_shop_gaudy_bauble, wander_ebering_terrifying_dragon_lair,
          uniq_ijyb, uniq_natasha, uniq_grinder
D:4:      layout_rooms, kennysheep_windowed_goal
D:5:      layout_basic, kennysheep_cluttered_room, kennysheep_doodads
D:6:      layout_layer_cave, nicolae_hepliaklqana_hazy_memory,
          mainiacjoe_overflow_paths, lemuel_temple_firewalk_b
D:7:      layout_cave_pods, nicolae_ru_path_of_blood,
          gammafunk_temple_overflow_statue, enter_bailey_3, the_hattery
D:8:      layout_basic, nicolae_ossuary_entry_false_entrances,
          lightli_church_of_beogh
D:9:      minmay_chambers_of_sevens, layout_small_grid, dpeg_oklobed_lair,
          water_boxes_lemuel
D:10:     layout_roguey [special_room_orc], kennysheep_generic_room_2
D:11:     layout_cave_pools, minivault_11
D:12:     layout_rooms, david_orc_5, kennysheep_okawaru_gauntlet
D:13:     layout_roguey, uniq_urug
D:14:     layout_loops_corners, david_vaults_2, serial_shops, shop,
          minmay_misc_feat_five, gammafunk_ghost_ooze, eino_jars
D:15:     grunt_enter_depths_giant_problem, layout_irregular_city,
          yredelemnul_altar_generic, nicolae_blasting_shop
Temple:   eino_temple_rhombus
Lair:1:   statuecave_lemuel, layout_cave_pods,
          portal_ice_cave_entry_ice_simulacra, serial_bayou_shore_a, uniq_sonja,
          uniq_amaemon, uniq_erica
Lair:2:   layout_hall_layers, nicolae_shoals_entry_roost,
          guppyfry_snake_entry_island, grunt_megastairs_2
Lair:3:   regret_index_combs_of_tragedy, layout_long_grid
Lair:4:   lemuel_slime, layout_big_grid, nicolae_slime_entry_field_trip
Lair:5:   minmay_lair_end_enchanted_forest, layout_misc_corridors,
          enter_volcano_3, lemuel_fruit_fields, infiniplex_staircase_pool,
          uniq_josephine
Shoals:1: layout_shoals, serial_shops, nicolae_shop_tiny_real_fake_doors,
          nicolae_shoals_gull_way
Shoals:2: layout_shoals, lightli_airlock, uniq_polyphemus
Shoals:3: layout_shoals, serial_shops, shop
Shoals:4: shoals_end_hellmonk_lost_city, uniq_louise
Snake:1:  layout_chambers, nicolae_snake_omega, uniq_aizul
Snake:2:  layout_honeycomb
Snake:3:  layout_onion, nicolae_snake_coiling_death, uniq_mara
Snake:4:  grunt_snake_rune_serpentine_throne, layout_chambers, serial_shops,
          shop
Slime:1:  layout_caves, nicolae_slime_getting_an_eyeful
Slime:2:  layout_caves, cheibrodos_slime_lost_civilization_7
Slime:3:  layout_caves
Slime:4:  layout_caves
Slime:5:  slime_pit
Orc:1:    layout_caves
Orc:2:    pf_orc_diabolical, layout_caves, nicolae_orc_bridge_out,
          lemuel_statue_altar, uniq_maurice
Elf:1:    layout_gridlike, serial_shops, bzr_entry_water,
          kennysheep_underground_church
Elf:2:    nicolae_elf_blades_splatter_lattice [nicolae_blade_entry_pointy_end],
          layout_loops_corners, grunt_megastairs_3
Elf:3:    elf_hall_gauntlet_narrow, layout_onion_city, uniq_roxanne
Vaults:1: nicolae_vaults_what_the_h, st_diamondy, v_pattern_3,
          grunt_vaults_hallway_short, ontoclasm_vaults_ligature,
          nicolae_vaults_tetromino_Z_1, vaults_dpeg_encased_lava,
          nicolae_vaults_storage_closets_2, hangedman_vaults_restitches,
          nicolae_vaults_hallways_thing, ontoclasm_vaults_spin,
          layout_vaults_ring
Vaults:2: vaults_room_boxed, vaults_dpeg_spiral, vaults_room_glass_cross,
          v_misc_13, nicolae_vaults_little_ls, nicolae_vaults_frosty_reception,
          nicolae_vaults_tetromino_Z_2, vaults_room_door_hall,
          vaults_room_stairs_pillars, hangedman_vaults_snaps,
          nicolae_vaults_angled_halls, nicolae_vaults_two_Ls, v_misc_15,
          v_alt_pattern_1, vaults_dpeg_ring, layout_vaults_omnibox, uniq_donald
Vaults:3: portal_desolation_entry_nicolae_slug, nicolae_vaults_more_shelving_2,
          nicolae_vaults_yaktaur_gun_rack, v_misc_22, vaults_room_pools,
          nicolae_vaults_enemy_cabinets, layout_vaults_omnigrid
Vaults:4: v_misc_1, v_misc_8, vaults_room_pools, vaults_room_mumra_shop_pool,
          nicolae_vaults_mitosis, vaults_room_stairs_pillars, v_pattern_4,
          v_misc_10, hangedman_vaults_corner, nicolae_vaults_prndl,
          nicolae_vaults_network_square, v_misc_19, layout_vaults_maze_bifur,
          serial_shops, nicolae_shop_tiny_glass,
          nicolae_shop_overgrown_old_shop, shop
Vaults:5
Crypt:1:  layout_regular_city, uniq_zenata, uniq_boris
Depths:1: layout_small_grid, gammafunk_ghost_cemetery, hell_entry,
          chequers_serial_rivers_micro_c, nicolae_titane, minmay_shop_grove
Depths:2: radiant_caverns_a_rkd, hell_entry, pan_entry
Depths:3: grunt_deathspiral_large, layout_gridville, abyss_entry_crystal,
          abandoned_shop, hell_entry, uniq_margery
Depths:4: grunt_crosshair, layout_honeycomb, enter_ziggurat_d, abyss_entry,
          glass_columns_b, grunt_hell_entry_dis_grunt, hangedman_decor_points,
          bloody_trog, uniq_xtahua
Zot:1:    layout_gridville, ebering_ghost_rock_garden, guppyfry_library_mini,
          grunt_megastairs_4
Zot:2:    layout_gridville
Zot:3:    circus_mu, layout_misc_corridors, nicolae_diode_stairs
Zot:4:    layout_misc_corridors, uniq_josephina
Zot:5:    layout_misc_corridors

Skill      XL: |  1  2  3  4  5  6  7  8  9 10 11 12 13 14 15 16 17 18 19 20 21 22 23 24 25 26 |
---------------+-------------------------------------------------------------------------------+-----
Spellcasting   | 3 5 7 8 11 12 13 17 18 19 20 21 22 | 22.9
Fighting       | 2 4 6 9 12 14 15 | 15.5
Conjurations   | 2 |  2.0
Dodging        | 3 4 5 6 8 9 10 11 13 14 15 16 17 18 19 20 | 20.3
Ice Magic      | 5 7 9 10 11 14 15 16 18 19 20 21 22 23 24 25 | 25.0
Evocations     | 2 5 6 10 | 10.0
Shields        | 2 |  2.0
Stealth        | 7 10 20 27 | 27.0

Action                     |  1- 3 |  4- 6 |  7- 9 | 10-12 | 13-15 | 16-18 | 19-21 | 22-24 | 25-27 || total
---------------------------+-------+-------+-------+-------+-------+-------+-------+-------+-------++-------
  Melee: Unarmed           |    37 |    29 |    19 |       |       |       |       |       |       ||    85
         Constrict         |     9 |     6 |    26 |    29 |    20 |     3 |       |    13 |     8 ||   114
         Tentacles         |    11 |     5 |    30 |    61 |    36 |     5 |     1 |    13 |    16 ||   178
         Dagger            |       |       |    66 |   113 |    89 |       |       |       |       ||   268
         Punch             |       |       |     3 |     6 |     5 |       |     1 |     2 |     2 ||    19
         Hand axe          |       |       |    39 |       |       |    14 |     6 |       |       ||    59
         Staff             |       |       |       |    58 |    33 |       |       |       |       ||    91
         War axe           |       |       |       |       |       |       |     1 |    43 |       ||    44
         Flail             |       |       |       |       |       |       |       |       |    28 ||    28
   Cast: Freeze            |    63 |    19 |    22 |     5 |     1 |       |       |       |       ||   110
         Hailstorm         |       |    13 |    46 |   243 |   140 |       |       |       |       ||   442
         Frozen Ramparts   |       |     8 |    27 |     3 |       |       |       |       |       ||    38
         Summon Ice Beast  |       |       |     7 |   128 |    68 |       |     1 |       |     1 ||   205
         Apportation       |       |       |       |       |    12 |       |    53 |   254 |    72 ||   391
         Ozocubu's Refrige |       |       |       |       |   299 |   470 |   551 |   300 |    85 ||  1705
         Polar Vortex      |       |       |       |       |       |       |    36 |    81 |    69 ||   186
 Invoke: Call Merchant     |       |       |       |     1 |     2 |     1 |     4 |     2 |       ||    10
         Bribe Branch      |       |       |       |       |       |       |       |       |     1 ||     1
  Evoke: Wand              |       |       |       |    17 |       |       |       |       |     1 ||    18
         Condenser vane    |       |       |       |       |     1 |       |       |       |       ||     1
         Box of beasts     |       |       |       |       |       |       |       |       |     1 ||     1
    Use: Scroll            |     8 |     5 |     4 |     7 |    10 |     1 |     3 |     5 |     6 ||    49
         Potion            |       |     2 |     3 |     4 |     2 |       |     3 |       |    15 ||    29
   Stab: Sleeping          |     3 |       |     4 |     1 |       |       |       |       |       ||     8
         Distracted        |       |       |     1 |     3 |     3 |       |       |       |       ||     7
 Armour: Skin              |    14 |    13 |    16 |    55 |    40 |     3 |     3 |       |    14 ||   158
  Dodge: Dodged            |    64 |    20 |    75 |   199 |   250 |   129 |   143 |   217 |   389 ||  1486
  Block: Other             |     6 |    10 |    26 |    35 |       |       |       |       |       ||    77
         Reflection        |     1 |       |       |     2 |    12 |    24 |    12 |    14 |       ||    65
         Buckler           |       |       |       |     2 |   159 |    74 |    63 |    88 |    94 ||   480

Table legend: (Time is in decaauts)
 A = Elapsed time spent in this place.
 B = Non-inter-level travel time spent in this place.
 C = Inter-level travel time spent in this place.
 D = Time resting spent in this place.
 E = Time spent auto-exploring this place.
 F = Levels seen in this place.
 G = Mean time per level.
                   A        B        C        D        E       F      G
               +--------+--------+--------+--------+--------+-----+--------+
         Total | 107128 | 102018 |   5110 |  35892 |  48584 |  60 | 1785.5 |
       Dungeon |  25499 |  23357 |   2142 |   5719 |  13212 |  15 | 1699.9 |
        Temple |    177 |    167 |     10 |      0 |    157 |   1 |  177.0 |
          Lair |  13757 |  12531 |   1226 |   4135 |   6041 |   5 | 2751.4 |
        Shoals |   9574 |   9401 |    173 |   3163 |   5207 |   4 | 2393.5 |
     Snake Pit |  11452 |  11200 |    252 |   2947 |   7318 |   4 | 2863.0 |
    Slime Pits |   8583 |   8328 |    255 |   5144 |   2490 |   5 | 1716.6 |
  Orcish Mines |   4418 |   4218 |    200 |   2227 |   1373 |   2 | 2209.0 |
   Elven Halls |   6784 |   6581 |    203 |   1734 |   3985 |   3 | 2261.3 |
        Vaults |  13092 |  12493 |    599 |   3523 |   7079 |   5 | 2618.4 |
         Crypt |      5 |      5 |      0 |      0 |      0 |   1 |    5.0 |
        Depths |   1778 |   1765 |     13 |   1018 |     96 |   4 |  444.5 |
           Zot |   3156 |   3124 |     32 |   1816 |      0 |   5 |  631.2 |
        Bazaar |    218 |    218 |      0 |     56 |     72 |   1 |  218.0 |
       Ossuary |    567 |    567 |      0 |    191 |    222 |   1 |  567.0 |
        Bailey |    616 |    616 |      0 |    290 |      0 |   1 |  616.0 |
      Ice Cave |   5493 |   5493 |      0 |   3369 |    528 |   1 | 5493.0 |
       Volcano |    917 |    917 |      0 |    494 |     76 |   1 |  917.0 |
    Desolation |   1034 |   1034 |      0 |     65 |    728 |   1 | 1034.0 |
               +--------+--------+--------+--------+--------+-----+--------+

Top non-repeatable levels by time:
   IceCv: 5493 daAuts
Vaults:4: 4057 daAuts
   Orc:2: 3713 daAuts
 Snake:4: 3506 daAuts
  Lair:5: 3475 daAuts
 Snake:3: 3388 daAuts
 Slime:5: 3367 daAuts
Shoals:4: 3254 daAuts
  Lair:1: 3252 daAuts
Vaults:1: 3064 daAuts
Shoals:2: 3028 daAuts
     D:9: 2964 daAuts
  Lair:4: 2881 daAuts
   Elf:3: 2679 daAuts
   Elf:2: 2629 daAuts
